 Dungeon Crawl Stone Soup version 0.18.1-48-g4cf74bf (webtiles) character file.

1130 Jonno22 the Shield-Bearer (level 8, -3/66 HPs)
             Began as a Human Fighter on Aug 22, 2016.
             Was a Follower of Zin.
             Slain by a wyvern (4 damage)
             ... on level 5 of the Dungeon.
             The game lasted 00:48:34 (5336 turns).

Jonno22 the Shield-Bearer (Human Fighter)           Turns: 5336, Time: 00:48:35

Health: -3/66      AC: 10    Str: 20    XL:     8   Next: 62%
Magic:  8/8        EV:  7    Int:  8    God:    Zin [*.....]
Gold:   262        SH: 11    Dex: 12    Spells: 0 memorised, 7 levels left

rFire  . . .     SeeInvis .     a - +0 long sword
rCold  . . .     Gourm    .     i - +0 chain mail
rNeg   . . .     Faith    .     c - +1 shield
rPois  .         Spirit   .     (no helmet)
rElec  .         Dismiss  .     (no cloak)
rCorr  .         Reflect  .     (no gloves)
SustAt .         Harm     .     (no boots)
MR     +....                    (no amulet)
Stlth  ..........               (no ring)
                                (no ring)

@: somewhat resistant to hostile enchantments, extremely unstealthy
A: magic resistance 1, robust 1
a: Recite, Donate Gold, Renounce Religion


You were on level 5 of the Dungeon.
You worshipped Zin.
Zin was aware of your devotion.
You were not hungry.

You visited 2 branches of the dungeon, and saw 6 of its levels.

You collected 291 gold pieces.
You donated 29 gold pieces to Zin.

Inventory:

Hand Weapons
 a - a +0 long sword (weapon)
 h - a +0 hand crossbow
 m - a +0 short sword of electrocution
Missiles
 g - 11 bolts
 l - 73 sling bullets
 n - 132 arrows
Armour
 c - a +1 shield (worn)
 i - a +0 chain mail (worn)
 p - a +0 fire dragon armour
 q - a +0 buckler
Jewellery
 d - a +4 ring of dexterity {unknown}
 e - an uncursed ring of positive energy {unknown}
Wands
 k - a wand of confusion (45/48)
 u - a wand of lightning (0/15)
Scrolls
 b - 2 scrolls of amnesia
 j - 2 scrolls of enchant armour
 o - a scroll of recharging
 v - 2 scrolls of random uselessness
Comestibles
 f - 2 bread rations
 r - 3 meat rations
 s - 2 fruits
 t - a beef jerky


   Skills:
 + Level 4.3 Fighting
 + Level 4.1 Long Blades
 + Level 5.5 Armour
 + Level 2.9 Dodging
 + Level 0.7 Stealth
 + Level 6.6 Shields


You had 7 spell levels left.
You didn't know any spells.

Dungeon Overview and Level Annotations

Branches:
Dungeon (5/15)             Temple (1/1) D:5

Altars:
Cheibriados
Dithmenos
Elyvilon
Gozag
Kikubaaqudgha
Makhleb
Nemelex Xobeh
Okawaru
Pakellas
Vehumet
Xom
Yredelemnul
Zin

Shops:
D:4 [


Innate Abilities, Weirdness & Mutations

You are resistant to hostile enchantments.
You are robust (+10% HP).


Message History

You hit the wyvern.
The wyvern is lightly wounded.
You block the wyvern's attack.
The wyvern bites you but does no damage.
You hit the wyvern but do no damage.
The wyvern is lightly wounded.
You block the wyvern's attack. The wyvern bites you.
You hit the wyvern.
The wyvern is lightly wounded.
The wyvern bites you! The wyvern bites you.
* * * LOW HITPOINT WARNING * * *
The wyvern barely misses you. The wyvern closely misses you.
The wyvern closely misses you. The wyvern bites you.
* * * LOW HITPOINT WARNING * * *
You block the wyvern's attack. You block the wyvern's attack.
The wyvern bites you!
* * * LOW HITPOINT WARNING * * *
The wyvern bites you.
You die...

#..##.)#.....!.#.#.
#.....#.#.$.....#.#
....###.##.#......... ##
#.###.#........ #.#
##†#....... #.#
##.#...... #.######)#...#
##########.†.....#.#
#......@l..######.#!..#
#.########.# ##w#....8.
#.#.....##.# ##.#.......
#.......##.###.#.....8..
####.######.##.#.........
#....# #.#.#.....$..8.
#.#### #..#...........
#.# #.#............ #.#
#........../...


You could see a wyvern.

Vanquished Creatures
  The ghost of slavik159 the Chopper, an amateur MiGl (D:3)
  A phantom (D:4)
  An ogre (D:5)
  4 big kobolds (D:4)
  A giant frog (D:5)
  2 scorpions (D:4)
  A howler monkey (D:5)
  An orc priest (D:4)
  An orc wizard (D:4)
  2 worker ants
  7 gnolls
  4 adders
  A shadow imp (D:5)
  2 oozes
  4 worms
  A giant gecko (D:3)
  7 orcs
  A ball python (D:2)
  7 bats
  4 giant cockroaches
  4 goblins
  7 hobgoblins
  A jackal (D:5)
  3 quokkas
  A giant gecko skeleton (D:4)
  3 giant newts
  52 kobolds
  A quokka skeleton (D:4)
  7 rats
132 creatures vanquished.

Notes
Turn   | Place    | Note
--------------------------------------------------------------
     0 | D:1      | Jonno22 the Human Fighter began the quest for the Orb.
     0 | D:1      | Reached XP level 1. HP: 18/18 MP: 1/1
   310 | D:1      | Reached XP level 2. HP: 24/24 MP: 2/2
   939 | D:2      | Reached XP level 3. HP: 29/29 MP: 3/3
  1086 | D:2      | Found a radiant altar of Vehumet.
  1510 | D:2      | Reached XP level 4. HP: 35/35 MP: 4/4
  1997 | D:3      | Found a faded altar to an unknown god.
  2000 | D:3      | Noticed slavik159's ghost (amateur MiGl)
  2017 | D:3      | Reached skill level 4 in Shields
  2071 | D:3      | Gained mutation: You are resistant to hostile enchantments. [potion of beneficial mutation]
  2072 | D:3      | Gained mutation: You are robust (+10% HP). [potion of beneficial mutation]
  2132 | D:3      | Found a sparkling altar of Nemelex Xobeh.
  2133 | D:3      | Found an oddly glowing altar of Pakellas.
  2133 | D:3      | Found an opulent altar of Gozag.
  2270 | D:3      | Found a basalt altar of Yredelemnul.
  2742 | D:3      | Killed slavik159's ghost
  2742 | D:3      | Reached skill level 1 in Dodging
  2742 | D:3      | Reached XP level 5. HP: 24/45 MP: 5/5
  2742 | D:3      | Reached XP level 6. HP: 27/51 MP: 6/6
  3687 | D:4      | Reached XP level 7. HP: 41/58 MP: 7/7
  3705 | D:4      | Reached skill level 5 in Shields
  4063 | D:4      | Reached skill level 5 in Armour
  4063 | D:4      | Reached XP level 8. HP: 47/66 MP: 8/8
  4123 | D:4      | Reached skill level 6 in Shields
  4264 | D:4      | Found Miofruv's Antique Armour Shoppe.
  4346 | D:4      | Found a glowing silver altar of Zin.
  4346 | D:4      | Noticed an angel
  4354 | D:4      | Became a worshipper of Zin the Law-Giver
  4354 | D:4      | Reached * piety under Zin
  4914 | D:5      | Entered Level 5 of the Dungeon
  4979 | D:5      | Found a staircase to the Ecumenical Temple.
  4984 | Temple   | Entered the Ecumenical Temple
  5305 | D:5      | Noticed a wyvern
  5334 | D:5      | HP: 1/66 [wyvern (11)]
  5336 | D:5      | Slain by a wyvern

Skill      XL: |  1  2  3  4  5  6  7  8 |
---------------+-------------------------+-----
Shields        | 4 5 6 |  6.6
Long Blades    | 3 4 |  4.1
Armour         | 4 5 |  5.5
Dodging        | 1 2 |  2.9
Fighting       | 4 |  4.3
Stealth        | |  0.7

Action                   |  1- 3 |  4- 6 |  7- 9 || total
-------------------------+-------+-------+-------++-------
Melee: Long sword        |   127 |   164 |   318 ||   609
Invok: Donate Gold       |       |       |     1 ||     1
Evoke: Wand              |       |       |     3 ||     3
  Use: Scroll            |     4 |     4 |     2 ||    10
       Potion            |     1 |     9 |       ||    10
  Eat: Bread ration      |     1 |     1 |     1 ||     3
       Beef jerky        |       |     1 |       ||     1
       Fruit             |       |       |     1 ||     1
Armor: Scale mail        |    28 |       |       ||    28
       Chain mail        |   100 |    99 |   263 ||   462
Dodge: Dodged            |    44 |    42 |   157 ||   243
Block: Shield            |   117 |   130 |   332 ||   579
